AoeStats
← seyfildur

Glade

503740464Analyzed
1v1 RM · 1mo ago on Sep 2, 2026· 57m 41s· 2 players
Game mode
Random Map
Map size
Tiny (2 player)
Population
200
Speed
Normal
Resources
Standard
Victory
Conquest
Starting age
Dark Age
Ending age
Imperial Age
RankedLock teamsTeams togetherTeam positionsShared explorationLock speedFull tech treeHidden civsTurbo modeCheats
Victory
Defeat
🇨🇦 Vikings · Canada
1084
+16
🇹🇷 Teutons · Türkiye
1092
-20
Jonninator
11:43 Feudal Age
15:50 Castle Age
21:00 Double-Bit Axe
24:45 Scale Mail Armor
24:56 Forging
26:22 Chain Mail Armor
26:13 Squires
28:47 Iron Casting
30:10 Chieftains
33:07 Imperial Age
33:17 Imperial Age
35:42 Heavy Scorpion
36:02 Pikeman
41:48 Elite Berserk
43:30 Plate Mail Armor
44:01 Blast Furnace
46:56 Chieftains
52:48 Siege Engineers
54:05 Elite Berserk
seyfildur
8:15 Loom
10:17 Feudal Age
11:15 Double-Bit Axe
11:12 Horse Collar
18:01 Castle Age
19:13 Bow Saw
19:22 Heavy Plow
21:06 Gold Mining
22:25 Wheelbarrow
25:33 Hand Cart
26:45 Stone Mining
27:41 Scale Barding Armor
27:47 Forging
29:19 Stone Shaft Mining
31:28 Imperial Age
29:19 Fletching
29:50 Chain Barding Armor
30:06 Iron Casting
30:11 Bodkin Arrow
30:30 Bloodlines
31:01 Ballistics
30:52 Masonry
35:47 Cavalier
39:38 Plate Barding Armor
40:04 Blast Furnace
40:10 Squires
43:10 Coinage
44:40 Padded Archer Armor
44:56 Elite Skirmisher
46:59 Chemistry
49:56 Siege Engineers
55:53 Two-Man Saw
55:25 Crop Rotation
55:18 Paladin
Connection lost

Rejoining the realm…

Still unreachable

The connection could not be restored.

Session expired

The server has moved on; the page needs a fresh start.